 Dungeon Crawl Stone Soup version 0.32-a0-135-g14f8b2e1af (webtiles) character file.

Game seed: 10769256300416176270

78 iamserjio the Insei (level 3, -3/30 HPs)
             Began as a Demigod Warper on Feb 10, 2024.
             Succumbed to a kobold's poison
             ... in a sewer.
             The game lasted 00:05:21 (624 turns).

iamserjio the Insei (Demigod Warper)                 Turns: 624, Time: 00:05:21

Health: -3/30      AC:  4    Str: 12    XL:     3   Next: 94%
Magic:  8/8        EV: 11    Int: 19    God:
Gold:   55         SH:  0    Dex: 13    Spells: 3/5 levels left

rFire   . .          .
                       - Unarmed
rCold   . . .        (no shield)
rNeg    . . .        a - +0 leather armour
rPois   .            (no helmet)
rElec   .            (no cloak)
rCorr   .            e - +0 pair of gloves
SInv    .            (no boots)
Will    .....        d - amulet of magic regeneration
Stlth   +            (no ring)
HPRegen 0.25/turn    (no ring)
MPRegen 0.51/turn

%: no passive effects
@: mighty, lethally poisoned (-3 -> -18), very slow
A: high MP 1, forlorn, divine attributes, talons 1
a: no special abilities


You were in a sewer.
You visited 1 branch of the dungeon, and saw 4 of its levels.
You also visited: Sewer.

You collected 55 gold pieces.

Inventory:

Hand Weapons
 g - a +0 sling
Missiles
 c - 7 darts of dispersal (quivered)
 i - 4 silver javelins
Armour
 a - a +0 leather armour (worn)
 e - a +0 pair of gloves (worn)
Jewellery
 d - an amulet of magic regeneration (around neck)
Scrolls
 b - a scroll of blinking {@r4}
 h - 2 scrolls of revelation {unknown}
 l - a scroll of vulnerability {unknown}
 n - a scroll of identify {unknown}
 o - a scroll of fog {unknown}
Potions
 k - a potion of might {@q3}
 m - a potion of haste {unknown}


   Skills:
 * Level 2.7 Fighting
 - Level 0.8 Throwing
 - Level 0.8 Armour
 - Level 1.7 Dodging
 - Level 3.4 Unarmed Combat
 - Level 1.8 Spellcasting
 - Level 2.6 Translocations


You had 3 spell levels left.
You knew the following spells:

 Your Spells              Type           Power      Damage    Failure   Level
a - Blink                 Tloc           22%        N/A       11%         2

Your spell library contained the following spells:

 Spells                   Type           Power      Damage    Failure   Level
 Lesser Beckoning         Tloc           22%        N/A       11%         2
 Teleport Other           Tloc           11%        N/A       22%         3
 Sublimation of Blood     Necr           1%         N/A       32%         2
 Manifold Assault         Tloc           11%        N/A       58%         4
 Vhi's Electric Charge    Tloc/Air       12%        N/A       77%         4
 Petrify                  Alch/Erth      1%         N/A       91%         4
 Irradiate                Conj/Alch      0%         3d11      99%         5


Dungeon Overview and Level Annotations

Branches:
Dungeon (4/15) Zot: 23575   Sewer (1/1) Zot: 5772
 Temple: D:4-7


Innate Abilities, Weirdness & Mutations

You have an increased reservoir of magic. (+10% MP)
You shall have no god before yourself.
Your divine heritage dramatically boosts your attributes as you level up.
You have sharp toenails.


Message History

Moving in this stuff is going to be slow.
A kobold comes into view. It is wielding a +2 dagger of venom.
The kobold shouts!
You hear a shout!
The kobold hits you with a +2 dagger of venom.
The kobold attacks as it pursues you!
The kobold hits you with a +2 dagger of venom.
You are poisoned.
You feel very sick. The kobold attacks as it pursues you!
The kobold hits you with a +2 dagger of venom.
You are more poisoned.
You hit the kobold but do no damage.
You feel very sick.
The kobold splashes around in the water.
Okay, then.
You hit the kobold but do no damage.
You feel very sick. The kobold closely misses you.
A kobold comes into view. It is wielding a +0 club.
You barely miss the kobold.
You feel very sick. The kobold closely misses you.
You closely miss the kobold.
You feel sick. The kobold hits you but does no damage.
You are lethally poisoned!
It was a potion of might.
You feel very mighty all of a sudden.
* * * LOW HITPOINT WARNING * * *
You feel very sick.
The kobold hits you with a +2 dagger of venom.
* * * LOW HITPOINT WARNING * * *
It was a potion of magic.
Magic courses through your body.
* * * LOW HITPOINT WARNING * * *
You feel very sick.
The kobold hits you with a +2 dagger of venom.
* * * LOW HITPOINT WARNING * * *
You are more poisoned.
It was a potion of mutation.
You feel extremely strange.
Your toenails lengthen and sharpen.
You die...

~....#####.....# #.~.##
##.~.## ##~## ##~## #~#
#~# # #~# #~# .# ##)##
##~## #.## #...## ##..~##
#...##
..~..#####...~~####~....#
~.∩.~≈≈≈≈≈~.~~.~@KK.~...#
...~~##≈##~.~..####~....#
#~~.### ###.~.## #...##
##≈## ##≈## #~## #≈# #≈#
~# #≈# #≈# # #≈# #≈#
##≈## ##≈## #.~.##
##~~~##


You could see 2 kobolds.

Vanquished Creatures
  3 adders
  2 river rats (Sewer)
  A dart slug (D:3)
  A ribbon worm (D:3)
  3 endoplasms
  A giant cockroach (D:3)
  3 goblins
  A quokka (D:3)
  4 bats
  2 frilled lizards
  6 kobolds
  6 rats
33 creatures vanquished.

Notes
Turn   | Place    | Note
-------+----------+-------------------------------------------
     0 | D:1      | iamserjio the Demigod Warper began the quest for the Orb.
     0 | D:1      | Reached XP level 1. HP: 17/17 MP: 5/5
   125 | D:2      | Reached skill level 2 in Unarmed Combat
   151 | D:2      | Reached XP level 2. HP: 8/24 MP: 7/7
   182 | D:2      | Learned a level 2 spell: Blink
   422 | D:3      | Found a glowing drain.
   426 | Sewer    | Entered a sewer
   440 | Sewer    | Reached XP level 3. HP: 30/30 MP: 8/8
   442 | Sewer    | Reached skill level 3 in Unarmed Combat
   623 | Sewer    | HP: 1/30 [kobold/+2 dagger of venom (2)]
   624 | Sewer    | Gained mutation: You have sharp toenails. [potion of
                  | mutation]
   624 | Sewer    | Succumbed to a kobold's poison

Illustrated notes

Levels and vault maps discovered:
D:1:      minmay_arrival_four_houses, layout_basic, roderic_roman_lattice
D:2:      layout_basic, nicolae_underground_beach
D:3:      layout_rooms, gup_sewer_entry_bowl, serial_curves, eino_curves_03,
          eino_curves_01, wander_ebering_terrifying_dragon_lair
D:4:      minmay_chambers_of_twos, layout_basic, kb_xom_exploding_sheep,
          mainiacjoe_overflow_catwalk, nicolae_elemental_shop,
          amcnicky_mini_corridor_feature, st_stairs_7
Sewer:    sewer_co_15_rooms

Skill      XL: |  1  2  3 |
---------------+----------+-----
Unarmed Combat | 2 3 |  3.4
Fighting       | 2 |  2.7
Throwing       | |  0.8
Armour         | |  0.8
Dodging        | |  1.7
Spellcasting   | |  1.8
Translocations | |  2.6

Action                     || total
---------------------------++-------
  Melee: Unarmed           ||   137
         Punch             ||     2
   Fire: Sling             ||     9
    Use: Potion            ||     4
 Armour: Leather armour    ||    84
         Skin              ||    14
  Dodge: Dodged            ||    69

Table legend: (Time is in decaauts)
 A = Elapsed time spent in this place.
 B = Non-inter-level travel time spent in this place.
 C = Inter-level travel time spent in this place.
 D = Time resting spent in this place.
 E = Time spent auto-exploring this place.
 F = Levels seen in this place.
 G = Mean time per level.
                   A        B        C        D        E       F      G
               +--------+--------+--------+--------+--------+-----+--------+
         Total |    653 |    637 |     16 |      0 |      0 |   5 |  130.6 |
       Dungeon |    425 |    409 |     16 |      0 |      0 |   4 |  106.2 |
         Sewer |    228 |    228 |      0 |      0 |      0 |   1 |  228.0 |
               +--------+--------+--------+--------+--------+-----+--------+

Top non-repeatable levels by time:
   Sewer: 228 daAuts
     D:3: 176 daAuts
     D:2: 165 daAuts
     D:1: 71 daAuts
     D:4: 11 daAuts
